 Dungeon Crawl Stone Soup version 0.29-a0-222-g5b244fca1f (webtiles) character file.

Game seed: 9290055952166781332

19170 jlumianski the Cleaver (level 12, -1/92 HPs)
             Began as a Demonspawn Gladiator on Feb 27, 2022.
             Was a High Priest of Qazlal.
             Slain by an orc warrior
             ... wielding a +0 battleaxe
              (18 damage)
             ... on level 2 of the Orcish Mines.
             The game lasted 01:09:40 (19696 turns).

jlumianski the Cleaver (Demonspawn Gladiator)      Turns: 19696, Time: 01:09:41

Health: -1/92      AC: 41    Str: 19    XL:     12   Next: 34%
Magic:  18/18      EV:  7    Int: 10    God:    Qazlal [*****.]
Gold:   1069       SH:  6    Dex: 15    Spells: 11/11 levels left

rFire   . . .      SeeInvis +   M - +1 battleaxe (venom)
rCold   . . .      Faith    +   (shield currently unavailable)
rNeg    . . .      Spirit   .   E - +0 plate armour
rPois   .          Reflect  .   c - +2 helmet
rElec   .          Harm     .   w - +2 cloak
rCorr   .          Rampage  .   (no gloves)
Will    .....                   K - +1 pair of boots
Stlth   ..........              C - amulet of faith
HPRegen 0.25/turn               v - +4 ring of protection
MPRegen 0.16/turn               J - ring of see invisible

@: about to teleport, protected from physical damage, sanguine armoured, repel
missiles
A: hooves 2, powered by pain 1, sanguine armour 3, demonic magic 2, camouflage 1
a: Renounce Religion, Upheaval, Elemental Force, Disaster Area


You were on level 2 of the Orcish Mines.
You worshipped Qazlal.
Qazlal was extremely pleased with you.
You visited 4 branches of the dungeon, and saw 16 of its levels.

You collected 1069 gold pieces.

Inventory:

Hand Weapons
 p - a +1 hand axe of flaming
 M - a +1 battleaxe of venom (weapon)
Missiles
 a - 8 boomerangs (quivered)
 d - 2 throwing nets
 e - 5 silver javelins
 x - 4 poisoned darts
Armour
 c - a +2 helmet (worn)
 n - a +0 scale mail
 s - a scarf of resistance
 w - a +2 cloak (worn)
 A - +0 steam dragon scales
 D - the +1 ring mail of Tartarus {Harm rN+ Int+4 Dex+4}
   (You found it on level 6 of the Dungeon)

   Int:       It affects your intelligence (+4).
   Dex:       It affects your dexterity (+4).
   rN:        It protects you from negative energy.
   Harm:      It increases damage dealt and taken.
 E - a +0 plate armour (worn)
 K - a +1 pair of boots (worn)
Jewellery
 j - a ring of ice
 v - a +4 ring of protection (left hand)
 C - an amulet of faith (around neck)
 J - a ring of see invisible (right hand)
Wands
 u - a wand of charming (7)
 B - a wand of mindburst (21)
 H - a wand of iceblast (7)
 L - a wand of flame (22)
 O - a wand of digging (2)
Scrolls
 o - 2 scrolls of fear
 r - 3 scrolls of teleportation
 z - a scroll of fog
 T - a scroll of enchant armour
Potions
 f - 2 potions of cancellation
 q - 2 potions of curing
 N - a potion of haste
 P - 3 potions of lignification


   Skills:
 + Level 8.1 Fighting
 + Level 0.3 Short Blades
 + Level 12.5 Axes
 + Level 4.6 Throwing
 + Level 8.3 Armour
 + Level 4.0 Dodging
 - Level 1.4 Stealth
 + Level 4.0 Shields
 * Level 9.0 Invocations


You had 11 spell levels left.
You didn't know any spells.
Your spell library contained the following spells:

 Spells                   Type           Power      Damage    Failure   Level
 Freeze                   Ice            0%         1d3       100%        1
 Dazzling Flash           Conj/Hex       0%         N/A       100%        3
 Frozen Ramparts          Ice            0%         1d2       100%        3
 Gell's Gravitas          Tloc           0%         N/A       100%        3
 Stone Arrow              Conj/Erth      0%         3d7       100%        3
 Teleport Other           Tloc           0%         N/A       100%        3
 Animate Armour           Summ/Erth      0%         N/A       100%        4
 Hailstorm                Conj/Ice       0%         3d3       100%        4
 Agony                    Necr           0%         N/A       100%        5
 Silence                  Hex/Air        0%         N/A       100%        5
 Dispersal                Tloc           0%         N/A       100%        6
 Lehudib's Crystal Spear  Conj/Erth      0%         10d2      100%        8


Dungeon Overview and Level Annotations

Branches:
Dungeon (12/15)            Temple (1/1) D:4            Lair (1/6) D:9
    Orc (2/2) D:9
    Elf: Orc:2

Altars:
Ashenzari
Cheibriados
Dithmenos
Elyvilon
Fedhas
Gozag
Hepliaklqana
Kikubaaqudgha
Makhleb
Nemelex Xobeh
Okawaru
Qazlal
Ru
Sif Muna
Trog
Uskayaw
Vehumet
Wu Jian
Xom
Yredelemnul
Zin
The Shining One

Shops:
D:6 (

Portals:
Trove: D:10 (give +5 fire dragon scales)

Annotations:
D:9 exclusion: orange crystal statue


Innate Abilities, Weirdness & Mutations

You have hoof-like feet.
You sometimes gain a little power by taking damage.
When seriously injured, your blood forms very thick armour. (AC +12)
Spells you cast may paralyse nearby enemies.
Your skin changes colour to match your surroundings (Stealth+).


Message History

As you read the scroll of teleportation, it crumbles to dust.
You feel strangely unstable.
The orc warrior hits you but does no damage.
The orc knight barely misses you.
The orc warrior hits you with a +0 long sword.
The orc warrior hits you but does no damage.
You hit the orc knight but do no damage.
The orc knight looks as sick as possible!
The orc knight is lightly wounded.
You hit the orc warrior but do no damage.
The orc warrior is poisoned.
You barely miss the orc warrior. The orc warrior barely misses you.
The orc knight hits you with a +0 war axe.
You feel more protected from physical attacks.
The orc warrior hits you with a +0 long sword!
* * * LOW HITPOINT WARNING * * *
The orc warrior closely misses you.
You closely miss the orc knight.
The orc knight is lightly wounded.
You hit the orc warrior but do no damage.
The orc warrior looks as sick as possible!
You hit the orc warrior but do no damage.
The orc warrior looks as sick as possible!
The orc warrior hits you but does no damage.
The orc knight is engulfed in freezing vapours.
The orc knight closely misses you.
The orc warrior hits you but does no damage.
The orc warrior barely misses you.
You barely miss the orc warrior.
The orc warrior is almost dead.
You hit the orc knight but do no damage.
You hit the orc warrior but do no damage.
The orc warrior looks as sick as possible!
The orc warrior barely misses you.
The orc knight is engulfed in freezing vapours.
The orc knight hits you with a +0 war axe.
* * * LOW HITPOINT WARNING * * *
You feel more protected from physical attacks.
The orc warrior hits you with a +0 battleaxe!!
You die...

#..### ......
#....##...... ##
............
#.##....#......
#...#.....#.....
#..#............
......°.).......
##....oo○..# .
#...☼)@#.##...
#...☼#o§..#...
##.##○..o#....
## #...#o#...
###.....#..
##......#...
##....#.###..
#...##### #.
##..##


You could see an orc knight (extremely poisoned), 3 orc warriors and an orc
(strong).

Vanquished Creatures
  Fannar (D:11)
  4 two-headed ogres
  Pikel (D:6)
  3 orc knights
  A cyclops (Orc:2)
  A manticore (D:11)
  An ugly thing (D:10)
  A kobold demonologist (D:12)
  A gargoyle (D:10)
  3 komodo dragons (D:9)
  2 trolls
  A vampire (D:9)
  6 wyverns
  9 yaks
  A basilisk (D:9)
  2 steam dragons
  4 vampire mosquitoes
  4 acid dragons
  8 wargs
  5 water moccasins
  24 orc warriors
  A sky beast (D:7)
  5 ogres
  7 centaurs
  3 phantoms
  A lemure (D:6)
  A kobold brigand (D:8)
  6 bullfrogs
  2 scorpions (D:6)
  9 killer bees (D:8)
  9 wights
  4 howler monkeys
  4 hounds
  3 jellies
  5 orc priests
  4 iguanas
  33 orc wizards
  5 adders
  2 white imps
  2 ufetubi (D:6)
  2 dart slugs
  63 orcs
  8 bats
  3 endoplasms
  3 giant cockroaches
  7 goblins
  7 hobgoblins
  2 jackals (D:3)
  10 kobolds
  4 quokkas
  8 ball pythons
  3 frilled lizards (D:2)
  3 rats
312 creatures vanquished.

Vanquished Creatures (others)
  A necrophage (D:7)
  2 orcs
3 creatures vanquished.

Grand Total: 315 creatures vanquished

Notes
Turn   | Place    | Note
-------+----------+-------------------------------------------
     0 | D:1      | jlumianski the Demonspawn Gladiator began the quest for the
                  | Orb.
     0 | D:1      | Reached XP level 1. HP: 16/16 MP: 1/1
   545 | D:1      | Gained mutation: When seriously injured, your blood forms
                  | armour. (AC +12) [demonic ancestry]
   545 | D:1      | Reached XP level 2. HP: 22/22 MP: 2/2
  1006 | D:1      | Reached skill level 3 in Axes
  1007 | D:1      | Gained mutation: Your skin changes colour to match your
                  | surroundings (Stealth+). [potion of mutation]
  1463 | D:2      | Gained mutation: You sometimes gain a little power by
                  | taking damage. [demonic ancestry]
  1463 | D:2      | Reached XP level 3. HP: 27/27 MP: 3/3
  1774 | D:2      | Reached skill level 1 in Armour
  2092 | D:3      | Found a faded altar of an unknown god.
  2115 | D:2      | Gained mutation: When seriously injured, your blood forms
                  | thick armour. (AC +12) [demonic ancestry]
  2115 | D:2      | Reached XP level 4. HP: 28/33 MP: 4/4
  2921 | D:4      | Noticed a phantom
  2934 | D:4      | Killed a phantom
  2935 | D:4      | Reached skill level 4 in Axes
  2935 | D:4      | Gained mutation: You have large cloven feet. [demonic
                  | ancestry]
  2935 | D:4      | Reached XP level 5. HP: 15/39 MP: 5/5
  3207 | D:4      | Noticed a steam dragon
  3329 | D:4      | Gained mutation: When seriously injured, your blood forms
                  | very thick armour. (AC +12) [demonic ancestry]
  3329 | D:4      | Reached XP level 6. HP: 35/46 MP: 6/6
  3576 | D:4      | Noticed a water moccasin
  3581 | D:4      | Killed a steam dragon
  3590 | D:4      | Killed a water moccasin
  3591 | D:4      | Reached skill level 5 in Axes
  3591 | D:4      | Reached XP level 7. HP: 20/52 MP: 7/7
  3990 | D:4      | Found a staircase to the Ecumenical Temple.
  3999 | Temple   | Entered the Ecumenical Temple
  4259 | Temple   | Became a worshipper of Qazlal Stormbringer
  5099 | D:5      | Entered Level 5 of the Dungeon
  5987 | D:5      | Reached skill level 6 in Axes
  5987 | D:5      | Reached skill level 1 in Stealth
  5987 | D:5      | Gained mutation: Spells you cast may paralyse adjacent
                  | enemies. [demonic ancestry]
  5987 | D:5      | Reached XP level 8. HP: 27/60 MP: 8/8
  6223 | D:6      | Reached * piety under Qazlal
  6231 | D:6      | Identified the +1 ring mail of Tartarus {Harm rN+ Int+4
                  | Dex+4}
  6411 | D:6      | Noticed Pikel
  6428 | D:6      | Killed Pikel
  6429 | D:6      | Reached skill level 5 in Armour
  6462 | D:6      | Reached skill level 7 in Axes
  7060 | D:6      | Gained mutation: Spells you cast may paralyse nearby
                  | enemies. [demonic ancestry]
  7060 | D:6      | Reached XP level 9. HP: 64/65 MP: 9/9
  7096 | D:6      | Found Banesm's Weapon Shop.
  7641 | D:7      | Reached skill level 1 in Shields
  8539 | D:7      | Reached ** piety under Qazlal
  8560 | D:7      | Reached skill level 8 in Axes
  8822 | D:7      | Reached skill level 5 in Fighting
  9739 | D:8      | Reached skill level 1 in Invocations
 10319 | D:8      | Reached XP level 10. HP: 70/74 MP: 11/11
 10408 | D:7      | Reached *** piety under Qazlal
 10869 | D:8      | Reached skill level 9 in Axes
 11409 | D:9      | Noticed an orange crystal statue
 12152 | D:9      | Found a staircase to the Orcish Mines.
 12202 | D:9      | Found an iron altar of Okawaru.
 13185 | D:9      | Reached skill level 10 in Axes
 13393 | D:9      | Reached skill level 5 in Invocations
 13403 | D:9      | Gained mutation: You have hoof-like feet. [demonic
                  | ancestry]
 13403 | D:9      | Reached XP level 11. HP: 35/83 MP: 12/15
 13609 | D:9      | Found a staircase to the Lair.
 13917 | D:10     | Entered Level 10 of the Dungeon
 13922 | D:10     | Found a portal to a secret trove of treasure.
 14150 | D:10     | Noticed a two-headed ogre
 14157 | D:10     | Killed a two-headed ogre
 14771 | D:10     | Reached **** piety under Qazlal
 15148 | D:11     | Noticed a two-headed ogre
 15153 | D:11     | Killed a two-headed ogre
 15154 | D:11     | Noticed Fannar
 15173 | D:11     | Reached skill level 11 in Axes
 15663 | D:11     | Killed Fannar
 15971 | D:11     | Noticed a white ugly thing
 16036 | D:10     | Killed a white ugly thing
 16473 | D:11     | Noticed a two-headed ogre
 16493 | D:11     | Killed a two-headed ogre
 17436 | Lair:1   | Entered Level 1 of the Lair of Beasts
 17847 | Orc:1    | Entered Level 1 of the Orcish Mines
 17960 | Orc:2    | Entered Level 2 of the Orcish Mines
 18125 | Orc:2    | Noticed an orc knight
 18216 | Orc:1    | Killed an orc knight
 18217 | Orc:1    | Reached skill level 12 in Axes
 18230 | Orc:2    | Noticed an orc knight
 18239 | Orc:1    | Reached XP level 12. HP: 24/91 MP: 17/17
 19291 | Orc:2    | Noticed a two-headed ogre
 19322 | Orc:1    | Killed a two-headed ogre
 19491 | Orc:2    | Reached ***** piety under Qazlal
 19696 | Orc:2    | Slain by an orc warrior

Illustrated notes

Levels and vault maps discovered:
D:1:      co_arrival_random_square_maze, layout_basic, minmay_box_of_dots
D:2:      layout_basic
D:3:      layout_loops_ring, ebering_ecumenical_altar_mist, item_on_display_a
D:4:      minmay_chambers_of_twos, layout_layer_cave,
          minmay_temple_entry_arrows, minmay_misc_feat_ornament
D:5:      layout_basic, kennysheep_opposing_triangles
D:6:      layout_rooms, serial_shops, kennysheep_little_box, uniq_pikel
D:7:      nicolae_whirlpool, layout_layer_cave, kennysheep_generic_room_2
D:8:      layout_basic
D:9:      layout_roguey, mainiacjoe_overflow_cross_hatched, erik_lair_dragon,
          david_orc_4, grunt_decor_one_mirror, minivault_15
D:10:     layout_irregular_city, enter_trove_1
D:11:     layout_loops_cross, uniq_fannar
D:12:     layout_loops_ring
Temple:   mainiacjoe_temple_archimedes_tessellation
Lair:1:   gammafunk_lair_enchanted_lake, layout_regular_city,
          grunt_megastairs_1, lemuel_fruit_fields
Orc:1:    layout_diamond_mine
Orc:2:    st_orc_town, layout_caves

Skill      XL: |  1  2  3  4  5  6  7  8  9 10 11 12 |
---------------+-------------------------------------+-----
Throwing       | 2 3 4 |  4.6
Dodging        | 3 4 |  4.0
Axes           | 3 4 5 6 7 8 10 12 | 12.5
Armour         | 1 2 3 4 5 6 7 8 |  8.3
Fighting       | 3 4 5 6 7 8 |  8.1
Stealth        | 1 |  1.4
Shields        | 2 3 4 |  4.0
Invocations    | 1 5 7 9 |  9.0
Short Blades   | |  0.3

Action                   |  1- 3 |  4- 6 |  7- 9 | 10-12 || total
-------------------------+-------+-------+-------+-------++-------
Melee: War axe           |    72 |       |       |       ||    72
       Dagger            |    11 |       |       |       ||    11
       Hand axe          |    28 |   117 |   450 |    53 ||   648
       Punch             |       |     3 |     5 |     1 ||     9
       Kick              |       |    18 |    76 |       ||    94
       Battleaxe         |       |       |       |   435 ||   435
Throw: Dart              |       |    14 |    31 |     4 ||    49
       Throwing net      |       |       |     2 |       ||     2
       Javelin           |       |       |       |     7 ||     7
       Boomerang         |       |       |       |     5 ||     5
Invok: Upheaval          |       |       |       |     5 ||     5
       Elemental Force   |       |       |       |     1 ||     1
  Use: Potion            |     1 |       |     4 |     3 ||     8
       Scroll            |       |       |    14 |    12 ||    26
 Stab: Sleeping          |     1 |       |       |       ||     1
       Held in net/web   |       |       |     1 |       ||     1
Armor: Leather armour    |    38 |       |       |       ||    38
       Scale mail        |    16 |    66 |     3 |       ||    85
       Plate armour      |       |       |   349 |   518 ||   867
       Steam dragon scal |       |       |     9 |       ||     9
Dodge: Dodged            |    86 |    59 |   160 |   248 ||   553
Block: Other             |       |       |    35 |   123 ||   158

Table legend: (Time is in decaauts)
 A = Elapsed time spent in this place.
 B = Non-inter-level travel time spent in this place.
 C = Inter-level travel time spent in this place.
 D = Time resting spent in this place.
 E = Time spent auto-exploring this place.
 F = Levels seen in this place.
 G = Mean time per level.
                   A        B        C        D        E       F      G
               +--------+--------+--------+--------+--------+-----+--------+
         Total |  19833 |  19201 |    632 |   4496 |  10486 |  16 | 1239.6 |
       Dungeon |  17947 |  17317 |    630 |   3826 |   9944 |  12 | 1495.6 |
        Temple |    298 |    298 |      0 |      0 |    193 |   1 |  298.0 |
          Lair |      1 |      1 |      0 |      0 |      0 |   1 |    1.0 |
  Orcish Mines |   1586 |   1586 |      0 |    670 |    349 |   2 |  793.0 |
               +--------+--------+--------+--------+--------+-----+--------+

Top non-repeatable levels by time:
     D:9: 3052 daAuts
     D:7: 2180 daAuts
     D:4: 2000 daAuts
    D:10: 1852 daAuts
     D:8: 1830 daAuts
    D:11: 1452 daAuts
     D:6: 1430 daAuts
     D:5: 1231 daAuts
     D:1: 1184 daAuts
     D:2: 985 daAuts
   Orc:2: 795 daAuts
   Orc:1: 791 daAuts
     D:3: 681 daAuts
  Temple: 298 daAuts
    D:12: 64 daAuts
